[Event "90th GER-ch 2019"]
[Site "Magdeburg"]
[Date "2019.05.30"]
[Round "7.15"]
[White "Nosek, Reinhard"]
[Black "Dauth, Benjamin"]
[Result "0-1"]
[ECO "D03"]
[WhiteElo "1913"]
[BlackElo "2295"]
[Annotator "ChessBase"]
[PlyCount "50"]
[EventDate "2019.05.26"]
[EventType "tourn"]
[EventCountry "GER"]
[SourceTitle "playchess.com"]
[Source "ChessBase"]
[SourceQuality "1"]
[TimeControl "40/5400+30:1800+30"]

1. d4 d5 2. Nf3 Nf6 3. Bg5 e6 4. e3 c6 5. Bd3 Be7 6. Nbd2 O-O 7. h3 Ne8 8. h4 f6 9. Bf4 Bd6 10. Bh2 Nd7 11. Qe2 Bxh2 12. Nxh2 e5 13. c3 e4 14. Bc2 f5 15. Nhf1 a5 16. g4 fxg4 17. Qxg4 Ne5 18. Qe2 Bg4 19. f3 Nxf3+ 20. Nxf3 Bxf3 21. Qh2 Bxh1 22. Qxh1 Nd6 23. h5 Qg5 24. O-O-O Nc4 25. h6 Rxf1 0-1

[Event "90th GER-ch 2019"]
[Site "Magdeburg"]
[Date "2019.05.30"]
[Round "7.16"]
[White "Guenther, Andreas"]
[Black "Heimrath, Reiner"]
[Result "0-1"]
[ECO "A48"]
[WhiteElo "2121"]
[BlackElo "2239"]
[Annotator "ChessBase"]
[PlyCount "160"]
[EventDate "2019.05.26"]
[EventType "tourn"]
[EventCountry "GER"]
[SourceTitle "playchess.com"]
[Source "ChessBase"]
[SourceQuality "1"]
[TimeControl "40/5400+30:1800+30"]

1. d4 Nf6 2. Nf3 g6 3. Nc3 d5 4. Bf4 Bg7 5. e3 O-O 6. Be2 Re8 7. O-O Nh5 8. Bg5 h6 9. Bh4 Nf6 10. Ne5 c5 11. f4 cxd4 12. exd4 Nc6 13. Bf2 h5 14. Bd3 Bg4 15. Qd2 e6 16. Nd1 Bf5 17. c3 Bxd3 18. Qxd3 Ne4 19. Be3 Ne7 20. Nf2 Nxf2 21. Bxf2 Nf5 22. g3 Nd6 23. h3 Qf6 24. Rae1 Qf5 25. Qxf5 gxf5 26. Kg2 b5 27. Re2 Rec8 28. Be1 a5 29. g4 hxg4 30. hxg4 fxg4 31. Nxg4 Nf5 32. Ne3 Nxe3+ 33. Rxe3 Re8 34. Rg3 f5 35. Kf3 Kf7 36. Rh1 Rh8 37. Rgh3 Rxh3+ 38. Rxh3 b4 39. Ke3 Rb8 40. Kd3 bxc3 41. Bxc3 a4 42. Rh2 Bf8 43. Rh7+ Bg7 44. Rh2 Kg6 45. Re2 Kf6 46. Rh2 Rb7 47. Kc2 Bf8 48. b3 a3 49. Kd3 Rg7 50. Be1 Rg4 51. Bd2 Rg3+ 52. Be3 Bd6 53. Ke2 Rg4 54. Kf3 Rg8 55. Rh6+ Kf7 56. Rh7+ Kg6 57. Rh1 Rb8 58. Rc1 Kf7 59. Bf2 Rh8 60. Bg3 Ke7 61. Kg2 Kd7 62. Kf3 Bb4 63. Kg2 Bd2 64. Rd1 Bc3 65. Kf3 Bb2 66. Bf2 Rc8 67. Ke2 Kc6 68. Kd3 Kb5 69. Re1 Rc3+ 70. Kd2 Rf3 71. Be3 Rh3 72. Re2 Rh1 73. Bf2 Ra1 74. Rxe6 Rxa2 75. Kd3 Ra1 76. Rd6 a2 77. Rxd5+ Kb4 78. Rd8 Rd1+ 79. Kc2 Rc1+ 80. Kxb2 a1=Q# 0-1

[Event "90th GER-ch 2019"]
[Site "Magdeburg"]
[Date "2019.05.31"]
[Round "8.2"]
[White "Lubbe, Nikolas"]
[Black "Kollars, Dmitrij"]
[Result "0-1"]
[ECO "D43"]
[WhiteElo "2431"]
[BlackElo "2561"]
[Annotator "RC"]
[PlyCount "82"]
[EventDate "2019.05.26"]
[EventType "tourn"]
[EventCountry "GER"]
[SourceTitle "playchess.com"]
[Source "ChessBase"]
[SourceQuality "1"]
[TimeControl "40/5400+30:1800+30"]

1. Nf3 Nf6 2. d4 d5 3. c4 c6 4. Nc3 e6 5. g3 dxc4 6. Bg2 b5 7. Ne5 Qb6 8. O-O Bb7 9. a4 a5 10. e4 Be7 11. Be3 O-O 12. d5 Bc5 13. dxc6 Nxc6 14. Nxc6 Bxc6 15. axb5 Rfd8 16. Bxc5 Qxc5 17. Qa4 Bb7 18. Qc2 Rd4 19. Rfe1 e5 20. h3 h5 21. Re3 h4 22. g4 Nh7 23. Ne2 Rd6 24. Rc3 Rf6 25. Rf1 Rc8 26. b3 Qxb5 27. bxc4 Qc5 28. Nc1 Ng5 29. Nb3 Qa7 30. c5 a4 31. Nd2 Ne6 32. Nf3 Rxc5 33. Rxc5 Qxc5 34. Qxa4 Bc6 35. Qb3 Bxe4 36. Nxh4 Bxg2 37. Nxg2 Ng5 38. Qe3 Nf3+ 39. Kh1 Qd5 40. g5 Rg6 41. Rc1 Nxg5 0-1

[Event "90th GER-ch 2019"]
[Site "Magdeburg"]
[Date "2019.05.31"]
[Round "8.4"]
[White "Roseneck, Jonas"]
[Black "Rosner, Jonas"]
[Result "0-1"]
[ECO "B12"]
[WhiteElo "2403"]
[BlackElo "2413"]
[Annotator "ChessBase"]
[PlyCount "88"]
[EventDate "2019.05.26"]
[EventType "tourn"]
[EventCountry "GER"]
[SourceTitle "playchess.com"]
[Source "ChessBase"]
[SourceQuality "1"]
[TimeControl "40/5400+30:1800+30"]

1. e4 c6 2. d4 d5 3. e5 c5 4. dxc5 e6 5. Nf3 Bxc5 6. a3 Ne7 7. b4 Bb6 8. Bd3 Ng6 9. O-O O-O 10. Bb2 Nf4 11. c4 Nxd3 12. Qxd3 dxc4 13. Qxc4 Bd7 14. Nc3 Bc6 15. Rad1 Qe7 16. Qg4 Rd8 17. b5 Bxf3 18. Qxf3 Nd7 19. Qxb7 Rab8 20. Qe4 Qc5 21. a4 Nxe5 22. a5 Bc7 23. b6 axb6 24. a6 Qc6 25. Qxc6 Nxc6 26. Nb5 Bf4 27. a7 Ra8 28. Rxd8+ Rxd8 29. Ra1 Ra8 30. g3 Bg5 31. Ra6 Bd8 32. Bc1 Kf8 33. Bf4 Ke7 34. Be3 Kd7 35. Ra3 Nb4 36. Bd4 Kc6 37. Nc3 Nc2 38. Ra4 b5 39. Ra6+ Kb7 40. Rd6 Nxd4 41. Rxd4 Bf6 42. Rd7+ Kc6 43. Rd3 Bxc3 44. Rxc3+ Kb6 0-1

[Event "90th GER-ch 2019"]
[Site "Magdeburg"]
[Date "2019.05.31"]
[Round "8.5"]
[White "Kvetny, Mark"]
[Black "Pfreundt, Jakob"]
[Result "1-0"]
[ECO "A05"]
[WhiteElo "2414"]
[BlackElo "2392"]
[Annotator "ChessBase"]
[PlyCount "69"]
[EventDate "2019.05.26"]
[EventType "tourn"]
[EventCountry "GER"]
[SourceTitle "playchess.com"]
[Source "ChessBase"]
[SourceQuality "1"]
[TimeControl "40/5400+30:1800+30"]

1. Nf3 Nf6 2. c4 e6 3. Nc3 d5 4. e3 b6 5. cxd5 exd5 6. d4 Bd6 7. Bd3 O-O 8. Ne5 Ba6 9. O-O c5 10. f4 Bxd3 11. Qxd3 c4 12. Qe2 Bb4 13. Nd1 Ne4 14. Nf2 Nxf2 15. Rxf2 Be7 16. f5 Bf6 17. e4 Re8 18. Bf4 Na6 19. Qh5 g6 20. fxg6 fxg6 21. Qf3 Rf8 22. exd5 Bg7 23. Nc6 Qd7 24. d6 Kh8 25. Qe4 Rae8 26. Ne7 Nb4 27. Be5 Rxf2 28. Kxf2 Nd3+ 29. Kg1 Rf8 30. Rf1 Qd8 31. Rf3 Rxf3 32. gxf3 Nxb2 33. Qh4 Qe8 34. Qf6 Bxf6 35. Bxf6# 1-0

[Event "90th GER-ch 2019"]
[Site "Magdeburg"]
[Date "2019.05.31"]
[Round "8.6"]
[White "Winterberg, Lukas"]
[Black "Engel, Luis"]
[Result "1-0"]
[ECO "D38"]
[WhiteElo "2376"]
[BlackElo "2512"]
[Annotator "RC"]
[PlyCount "113"]
[EventDate "2019.05.26"]
[EventType "tourn"]
[EventCountry "GER"]
[SourceTitle "playchess.com"]
[Source "ChessBase"]
[SourceQuality "1"]
[TimeControl "40/5400+30:1800+30"]

1. d4 Nf6 2. c4 e6 3. Nf3 d5 4. Nc3 Bb4 5. Qb3 c5 6. dxc5 Nc6 7. Bg5 Qa5 8. Bxf6 dxc4 9. Qxc4 gxf6 10. Rc1 Qxc5 11. Qh4 Ke7 12. g3 Bxc3+ 13. bxc3 b6 14. Bg2 Bb7 15. Nd2 Qg5 16. Qa4 Na5 17. Qa3+ Qc5 18. Qxc5+ bxc5 19. Bxb7 Nxb7 20. Rb1 Nd6 21. O-O Rhb8 22. Rb3 Rb6 23. Rfb1 Ra6 24. R1b2 Rc8 25. c4 Ra4 26. Rc2 Rc6 27. Kg2 Rca6 28. Rbb2 Kd7 29. Kf3 Rb6 30. Rb3 Kc6 31. e3 Rba6 32. Rbb2 f5 33. g4 Rb6 34. Rb3 Rxb3 35. axb3 fxg4+ 36. Kxg4 Ra1 37. Kg5 Rd1 38. Nf3 Rb1 39. Kf6 Rxb3 40. Ne5+ Kc7 41. Nxf7 Nxf7 42. Kxf7 a5 43. Kxe6 a4 44. e4 a3 45. f4 Rb6+ 46. Kd5 Rb2 47. Rc3 a2 48. Ra3 Rxh2 49. f5 h5 50. f6 Rf2 51. Ke6 h4 52. f7 h3 53. Rxa2 h2 54. Ra1 Kd8 55. Ra8+ Kc7 56. Rh8 Kc6 57. e5 {[%emt 0:00:00] Kd5+} 1-0

[Event "90th GER-ch 2019"]
[Site "Magdeburg"]
[Date "2019.05.31"]
[Round "8.7"]
[White "Maetzkow, Maximilian Paul"]
[Black "Paul, Johannes"]
[Result "0-1"]
[ECO "E32"]
[WhiteElo "2338"]
[BlackElo "2364"]
[Annotator "ChessBase"]
[PlyCount "86"]
[EventDate "2019.05.26"]
[EventType "tourn"]
[EventCountry "GER"]
[SourceTitle "playchess.com"]
[Source "ChessBase"]
[SourceQuality "1"]
[TimeControl "40/5400+30:1800+30"]

1. d4 Nf6 2. c4 e6 3. Nc3 Bb4 4. Qc2 d6 5. a3 Bxc3+ 6. Qxc3 O-O 7. Nf3 Nbd7 8. e3 b6 9. Be2 Bb7 10. O-O Ne4 11. Qc2 f5 12. b4 Rf6 13. Bb2 Rg6 14. Ne1 Qh4 15. f3 Rh6 16. h3 Ng5 17. Bd3 Qg3 18. Rf2 Nxh3+ 19. Kf1 Nxf2 20. Qxf2 Rh1+ 21. Ke2 Qxf2+ 22. Kxf2 a5 23. b5 Rf8 24. Rc1 f4 25. e4 Re8 26. Bf1 e5 27. Nd3 c5 28. dxe5 dxe5 29. Rd1 Re7 30. g3 fxg3+ 31. Kxg3 Re6 32. Nf2 Rg6+ 33. Ng4 Nf6 34. Rd8+ Kf7 35. Bg2 Rb1 36. Bxe5 h5 37. Bxf6 hxg4 38. fxg4 Kxf6 39. e5+ Kxe5 40. Bxb7 Rb3+ 41. Kh4 Kf4 42. g5 Rxg5 43. Bc8 Rg6 0-1

[Event "90th GER-ch 2019"]
[Site "Magdeburg"]
[Date "2019.05.31"]
[Round "8.8"]
[White "Becker, Marcel"]
[Black "Krastev, Alexander"]
[Result "1-0"]
[ECO "A57"]
[WhiteElo "2308"]
[BlackElo "2344"]
[Annotator "ChessBase"]
[PlyCount "61"]
[EventDate "2019.05.26"]
[EventType "tourn"]
[EventCountry "GER"]
[SourceTitle "playchess.com"]
[Source "ChessBase"]
[SourceQuality "1"]
[TimeControl "40/5400+30:1800+30"]

1. d4 Nf6 2. c4 c5 3. d5 b5 4. Qc2 bxc4 5. e4 d6 6. Bxc4 g6 7. f4 Bg7 8. Nf3 O-O 9. O-O Ba6 10. Na3 Nfd7 11. Bd2 Nb6 12. Bxa6 Nxa6 13. Bc3 Nb4 14. Qe2 Qd7 15. Bxg7 Kxg7 16. Nc4 Qb5 17. b3 Rab8 18. a4 Qa6 19. a5 Nxc4 20. bxc4 Rbe8 21. Qb2+ Kg8 22. Qc3 e6 23. f5 exf5 24. exf5 Qc8 25. Ng5 Qd8 26. Nxh7 Kxh7 27. Qh3+ Kg7 28. f6+ Qxf6 29. Rxf6 Kxf6 30. Qd7 Rd8 31. Rf1+ 1-0

[Event "90th GER-ch 2019"]
[Site "Magdeburg"]
[Date "2019.05.31"]
[Round "8.9"]
[White "Schulz, Karsten"]
[Black "Svane, Frederik"]
[Result "1-0"]
[ECO "A05"]
[WhiteElo "2227"]
[BlackElo "2342"]
[Annotator "ChessBase"]
[PlyCount "143"]
[EventDate "2019.05.26"]
[EventType "tourn"]
[EventCountry "GER"]
[SourceTitle "playchess.com"]
[Source "ChessBase"]
[SourceQuality "1"]
[TimeControl "40/5400+30:1800+30"]

1. Nf3 Nf6 2. g3 g6 3. b3 d5 4. c4 d4 5. Bb2 c5 6. b4 Bg7 7. Bg2 O-O 8. O-O Re8 9. d3 e5 10. bxc5 Na6 11. Ba3 e4 12. Ng5 h6 13. Nxe4 Nxe4 14. Bxe4 Rxe4 15. dxe4 d3 16. Qxd3 Qxd3 17. exd3 Bxa1 18. Nd2 Bc3 19. Nb3 Bh3 20. Rc1 Bb4 21. Bxb4 Nxb4 22. d4 Nxa2 23. Ra1 Nc3 24. f3 a5 25. Rxa5 Rxa5 26. Nxa5 Ne2+ 27. Kf2 Nxd4 28. Nxb7 Bc8 29. Na5 Bd7 30. Ke3 Nc6 31. Nb3 Kf8 32. f4 Ke7 33. Nd2 h5 34. Kd3 Bg4 35. Nf1 Nd8 36. Kd4 Ne6+ 37. Kd5 Bf3 38. c6 f6 39. Nd2 Bg2 40. c5 Nc7+ 41. Kd4 Bh3 42. Nf3 Bf1 43. Nh4 Ne6+ 44. Ke3 g5 45. Nf5+ Kd8 46. e5 fxe5 47. fxg5 Nxg5 48. Ng7 Kc7 49. Nxh5 Kxc6 50. h4 Nf7 51. g4 Kxc5 52. Ng3 Kd5 53. Nxf1 Ke6 54. Ng3 Kf6 55. Ne4+ Kg6 56. Kf3 Nd8 57. Kg3 Ne6 58. h5+ Kh6 59. Kh4 Nf4 60. g5+ Kh7 61. Kg4 Kg7 62. Nf6 Kf7 63. Kf5 Kg7 64. h6+ Kf7 65. Ng4 Nd5 66. Nxe5+ Kg8 67. g6 Ne7+ 68. Kg5 Nd5 69. Nf7 Nc7 70. h7+ Kf8 71. h8=Q+ Ke7 72. Qd8+ 1-0

[Event "90th GER-ch 2019"]
[Site "Magdeburg"]
[Date "2019.05.31"]
[Round "8.10"]
[White "Gungl, Theo"]
[Black "Trifan, Andrei Ioan"]
[Result "1-0"]
[ECO "E92"]
[WhiteElo "2331"]
[BlackElo "2268"]
[Annotator "ChessBase"]
[PlyCount "80"]
[EventDate "2019.05.26"]
[EventType "tourn"]
[EventCountry "GER"]
[SourceTitle "playchess.com"]
[Source "ChessBase"]
[SourceQuality "1"]
[TimeControl "40/5400+30:1800+30"]

1. d4 Nf6 2. c4 g6 3. Nc3 Bg7 4. e4 d6 5. Nf3 O-O 6. Be2 e5 7. d5 a5 8. Bg5 Na6 9. Nd2 Qe8 10. O-O Kh8 11. a3 Bd7 12. b3 Ng8 13. Rb1 f5 14. f3 Bh6 15. Bxh6 Nxh6 16. b4 axb4 17. axb4 Qe7 18. Rf2 f4 19. Qc2 g5 20. h3 Nf7 21. Nd1 c5 22. dxc6 bxc6 23. b5 Nc7 24. Nc3 Ne6 25. Nb3 Rfc8 26. Qd2 Be8 27. Rff1 h5 28. Rfd1 Rd8 29. Ra1 Rab8 30. Qe1 Nh6 31. Na5 Nd4 32. Nxc6 Bxc6 33. bxc6 Nxc6 34. Nb5 Nf7 35. Qd2 Rd7 36. Ra6 Rc8 37. c5 Nb8 38. cxd6 Nxa6 39. dxe7 Rxd2 40. Rxd2 Re8 1-0

[Event "90th GER-ch 2019"]
[Site "Magdeburg"]
[Date "2019.05.31"]
[Round "8.11"]
[White "Pajeken, Jakob Leon"]
[Black "Schulz, Lukas"]
[Result "1/2-1/2"]
[ECO "E62"]
[WhiteElo "2359"]
[BlackElo "2302"]
[Annotator "ChessBase"]
[PlyCount "90"]
[EventDate "2019.05.26"]
[EventType "tourn"]
[EventCountry "GER"]
[SourceTitle "playchess.com"]
[Source "ChessBase"]
[SourceQuality "1"]
[TimeControl "40/5400+30:1800+30"]

1. d4 Nf6 2. Nf3 g6 3. g3 Bg7 4. Bg2 O-O 5. c4 d6 6. Nc3 Nc6 7. O-O e5 8. dxe5 dxe5 9. Bg5 Be6 10. Qa4 Qe8 11. Nd2 Nd4 12. Qxe8 Raxe8 13. e3 Nc6 14. Nd5 Bxd5 15. cxd5 Nb4 16. Rfc1 Nfxd5 17. Bxd5 Nxd5 18. e4 f6 19. exd5 fxg5 20. Rxc7 e4 21. Nc4 Rc8 22. Rxc8 Rxc8 23. Ne3 Bxb2 24. Rb1 Rc1+ 25. Rxc1 Bxc1 26. Nc4 Kf8 27. Nd6 e3 28. Kf1 Ke7 29. Nxb7 g4 30. Na5 Kd6 31. Nb3 Ba3 32. fxe3 Kxd5 33. Ke2 h5 34. Kd3 Bd6 35. e4+ Ke5 36. a4 a6 37. Nd4 Bc5 38. Nc6+ Kd6 39. Nd4 Bb6 40. Ne2 Bc5 41. Nd4 Ke5 42. Nc6+ Ke6 43. Nd4+ Kd6 44. Kc4 Bb6 45. Kd3 Ke5 1/2-1/2

[Event "90th GER-ch 2019"]
[Site "Magdeburg"]
[Date "2019.05.31"]
[Round "8.12"]
[White "Moeller, Dustin"]
[Black "Bastian, Herbert"]
[Result "0-1"]
[ECO "E97"]
[WhiteElo "2156"]
[BlackElo "2297"]
[Annotator "ChessBase"]
[PlyCount "102"]
[EventDate "2019.05.26"]
[EventType "tourn"]
[EventCountry "GER"]
[SourceTitle "playchess.com"]
[Source "ChessBase"]
[SourceQuality "1"]
[TimeControl "40/5400+30:1800+30"]

1. d4 Nf6 2. c4 g6 3. Nc3 Bg7 4. e4 d6 5. Be2 O-O 6. Nf3 e5 7. O-O Nc6 8. d5 Ne7 9. Nd2 a5 10. a3 Nd7 11. Rb1 f5 12. b4 Kh8 13. f3 Ng8 14. Qc2 Ngf6 15. Bd3 f4 16. Nb5 b6 17. Bb2 Rf7 18. Be2 Bf8 19. Nb3 a4 20. Nc1 g5 21. Nd3 h5 22. c5 Ne8 23. Rbc1 Ba6 24. Qxa4 bxc5 25. bxc5 Qb8 26. Nb4 Nxc5 27. Rxc5 dxc5 28. Nxa6 Qb6 29. Bxe5+ Bg7 30. Bxg7+ Rxg7 31. Nc3 c4+ 32. Kh1 Qxa6 33. Qxa6 Rxa6 34. a4 Ra5 35. Rb1 Re7 36. Rb4 Nd6 37. Kg1 Kg7 38. Kf2 Kf6 39. Bd1 Ke5 40. Ne2 c6 41. dxc6 Rc5 42. Nc3 Rxc6 43. Ke1 Rb7 44. Rxb7 Nxb7 45. Kd2 Rb6 46. Nb5 Nd6 47. Nc3 Rb2+ 48. Bc2 g4 49. Ne2 Ra2 50. g3 Nxe4+ 51. fxe4 f3 0-1

[Event "90th GER-ch 2019"]
[Site "Magdeburg"]
[Date "2019.05.31"]
[Round "8.13"]
[White "Dauth, Benjamin"]
[Black "Polster, Christian"]
[Result "1/2-1/2"]
[ECO "C50"]
[WhiteElo "2295"]
[BlackElo "2236"]
[Annotator "ChessBase"]
[PlyCount "88"]
[EventDate "2019.05.26"]
[EventType "tourn"]
[EventCountry "GER"]
[SourceTitle "playchess.com"]
[Source "ChessBase"]
[SourceQuality "1"]
[TimeControl "40/5400+30:1800+30"]

1. e4 e5 2. Bc4 Nc6 3. Nf3 Bc5 4. d3 Nf6 5. Be3 Bb6 6. h3 d6 7. a4 h6 8. Nbd2 O-O 9. O-O Bxe3 10. fxe3 Ne7 11. Nh4 c6 12. Bb3 Kh7 13. a5 Ng6 14. Nxg6 Kxg6 15. Nf3 Kh7 16. c3 Qe7 17. Qe1 g6 18. Qh4 Kg7 19. Rf2 Be6 20. Bc2 Rfe8 21. g4 Nh7 22. Qg3 Ng5 23. Nd2 c5 24. Raf1 Rac8 25. h4 Nh7 26. Bb3 Bxb3 27. Nxb3 c4 28. dxc4 Rxc4 29. Rxf7+ Qxf7 30. Rxf7+ Kxf7 31. Qf3+ Kg7 32. Qd1 Rc6 33. Nd2 Rf8 34. Kg2 Nf6 35. g5 hxg5 36. hxg5 Nh7 37. Nf3 Rf7 38. Qd5 Nf8 39. Kf2 Rd7 40. Ke2 Rc5 41. Qa2 Rc8 42. Qd5 Rc5 43. Qa2 Rc8 44. Qd5 Rc5 1/2-1/2

[Event "90th GER-ch 2019"]
[Site "Magdeburg"]
[Date "2019.05.31"]
[Round "8.14"]
[White "Wachinger, Nikolas"]
[Black "Adiyaman, Rene"]
[Result "1-0"]
[ECO "A05"]
[WhiteElo "2311"]
[BlackElo "2175"]
[Annotator "ChessBase"]
[PlyCount "83"]
[EventDate "2019.05.26"]
[EventType "tourn"]
[EventCountry "GER"]
[SourceTitle "playchess.com"]
[Source "ChessBase"]
[SourceQuality "1"]
[TimeControl "40/5400+30:1800+30"]

1. Nf3 Nf6 2. g3 d5 3. Bg2 c6 4. O-O Bf5 5. d3 h6 6. Nbd2 Nbd7 7. Qe1 Bh7 8. e4 e6 9. Qe2 Be7 10. e5 Ng8 11. a4 a5 12. Nd4 Qb6 13. N2b3 Nc5 14. Be3 Nxb3 15. Nxb3 Qc7 16. f4 c5 17. Nd2 Bf8 18. Nb1 Ne7 19. Nc3 Nc6 20. Nb5 Qd7 21. Rad1 Be7 22. c3 O-O 23. Bf2 f6 24. exf6 Rxf6 25. Rfe1 Kh8 26. Bh3 Bg8 27. Rd2 Raf8 28. Qd1 Qe8 29. Bg4 Qf7 30. d4 c4 31. Nc7 Qg6 32. Bh5 Qh7 33. Rde2 Qf5 34. Re3 Bd6 35. Bg4 Qg6 36. Nxe6 Bxe6 37. Rxe6 Bxf4 38. gxf4 h5 39. Bh4 Nd8 40. f5 Qxg4+ 41. Qxg4 hxg4 42. Re8 1-0

[Event "90th GER-ch 2019"]
[Site "Magdeburg"]
[Date "2019.05.31"]
[Round "8.15"]
[White "Heimrath, Reiner"]
[Black "Nosek, Reinhard"]
[Result "1-0"]
[ECO "B24"]
[WhiteElo "2239"]
[BlackElo "1913"]
[Annotator "ChessBase"]
[PlyCount "67"]
[EventDate "2019.05.26"]
[EventType "tourn"]
[EventCountry "GER"]
[SourceTitle "playchess.com"]
[Source "ChessBase"]
[SourceQuality "1"]
[TimeControl "40/5400+30:1800+30"]

1. e4 c5 2. Nc3 Nc6 3. d3 e6 4. g3 d6 5. Bg2 Bd7 6. Nge2 Be7 7. O-O a6 8. a4 b6 9. f4 h5 10. h3 Nb4 11. Be3 Bc6 12. d4 Nf6 13. d5 exd5 14. Nxd5 Nbxd5 15. exd5 Bd7 16. a5 Qc8 17. axb6 Rb8 18. Kh2 h4 19. f5 Bxf5 20. g4 Bxg4 21. Rxf6 Bxf6 22. hxg4 Rxb6 23. Ra4 Be5+ 24. Bf4 Qxg4 25. Re4 h3 26. Bh1 f5 27. Re3 Qg5 28. Rxe5+ dxe5 29. Bxg5 Rd6 30. Be3 g5 31. Bxc5 Rd7 32. d6 e4 33. Qd5 g4 34. Qe5+ 1-0

[Event "90th GER-ch 2019"]
[Site "Magdeburg"]
[Date "2019.05.31"]
[Round "8.16"]
[White "Guenther, Andreas"]
[Black "Kardoeus, David"]
[Result "1-0"]
[ECO "A01"]
[WhiteElo "2121"]
[BlackElo "2202"]
[Annotator "ChessBase"]
[PlyCount "151"]
[EventDate "2019.05.26"]
[EventType "tourn"]
[EventCountry "GER"]
[SourceTitle "playchess.com"]
[Source "ChessBase"]
[SourceQuality "1"]
[TimeControl "40/5400+30:1800+30"]

1. b3 d5 2. Bb2 c5 3. e3 Nf6 4. f4 Nc6 5. Bb5 Bg4 6. Nf3 e6 7. Bxc6+ bxc6 8. h3 Bxf3 9. Qxf3 Be7 10. O-O O-O 11. Nc3 Nd7 12. e4 c4 13. Ne2 Qb6+ 14. Kh1 f5 15. exf5 exf5 16. Rae1 Rae8 17. Ng3 Qa5 18. Qc3 Qxc3 19. Bxc3 cxb3 20. axb3 g6 21. Ne2 c5 22. g3 d4 23. Ba5 Bd6 24. d3 Nf6 25. Kg2 Nd5 26. Bd2 Kf7 27. Ng1 Be7 28. Re5 Rd8 29. Ra1 Rd7 30. Nf3 Bf6 31. Re2 Re8 32. Rxe8 Kxe8 33. Ra5 Rc7 34. Kf2 Kd7 35. Ke2 Kc6 36. Ra6+ Nb6 37. Kf2 Kb7 38. Ra1 Nd5 39. Re1 Re7 40. Rxe7+ Nxe7 41. g4 Kc6 42. Kg3 Nd5 43. g5 Bd8 44. h4 Bc7 45. h5 Kb5 46. Nh4 Ne7 47. h6 Ba5 48. Bxa5 Kxa5 49. Kf3 Kb4 50. Ke2 a5 51. Kd2 a4 52. bxa4 Kxa4 53. c3 dxc3+ 54. Kxc3 Nd5+ 55. Kc4 Nxf4 56. Kxc5 Ne6+ 57. Kc6 f4 58. Nf3 Kb4 59. Kd5 Nc7+ 60. Ke5 Kc3 61. d4 Kd3 62. Kxf4 Ke2 63. Nh4 Ne6+ 64. Kg4 Nf8 65. Kf4 Ne6+ 66. Ke5 Nxg5 67. Kf6 Ne4+ 68. Ke5 Ng5 69. Nxg6 Nf7+ 70. Ke6 Nxh6 71. Ne5 Ke3 72. d5 Ke4 73. d6 Nf5 74. d7 Nd4+ 75. Kf6 Nc6 76. Nxc6 1-0

[Event "90th GER-ch 2019"]
[Site "Magdeburg"]
[Date "2019.06.01"]
[Round "9.1"]
[White "Rosner, Jonas"]
[Black "Huschenbeth, Niclas"]
[Result "0-1"]
[ECO "A46"]
[WhiteElo "2413"]
[BlackElo "2603"]
[Annotator "RC"]
[PlyCount "128"]
[EventDate "2019.05.26"]
[EventType "tourn"]
[EventCountry "GER"]
[SourceTitle "playchess.com"]
[Source "ChessBase"]
[SourceQuality "1"]
[TimeControl "40/5400+30:1800+30"]

1. d4 Nf6 2. Nf3 e6 3. Bf4 d5 4. e3 Bd6 5. Bg3 O-O 6. Nbd2 c5 7. c3 Qc7 8. Bd3 Nbd7 9. O-O Bxg3 10. hxg3 e5 11. e4 dxe4 12. Nxe4 Nxe4 13. Bxe4 Nf6 14. Re1 exd4 15. cxd4 cxd4 16. Qxd4 Rd8 17. Qb4 a5 18. Qb5 Nxe4 19. Rxe4 Be6 20. Rae1 h6 21. Nd4 Bd7 22. Qh5 Qd6 23. g4 Qf6 24. Nf3 Bc6 25. R4e3 Rd5 26. Ne5 Rd2 27. R1e2 Rd1+ 28. Re1 Rd2 29. R1e2 Rxe2 30. Rxe2 Qe6 31. Re3 Qxa2 32. b3 Bd5 33. Nf3 Rd8 34. Qh4 Rc8 35. g5 Bxf3 36. Rxf3 Qa1+ 37. Kh2 Qe5+ 38. Rg3 Rc6 39. f4 Qe7 40. Qg4 hxg5 41. fxg5 Qe5 42. Qd7 g6 43. Qd8+ Kg7 44. Qd2 Rc5 45. Kh3 Rd5 46. Qf2 Rb5 47. Qf1 Rb4 48. Qd3 Qe6+ 49. Kh2 Rh4+ 50. Rh3 Qe5+ 51. Kg1 Qe1+ 52. Kh2 Qe5+ 53. Kg1 Rxh3 54. Qxh3 Qc5+ 55. Kh1 Qc1+ 56. Kh2 Qxg5 57. Qc3+ Kh7 58. Qc4 Qe5+ 59. Kh1 Kg7 60. Qa4 Qe1+ 61. Kh2 Qe5+ 62. Kh1 b6 63. Qc6 Qh5+ 64. Kg1 Qc5+ 0-1

[Event "90th GER-ch 2019"]
[Site "Magdeburg"]
[Date "2019.06.01"]
[Round "9.4"]
[White "Krassowizkij, Jaroslaw"]
[Black "Kvetny, Mark"]
[Result "0-1"]
[ECO "A16"]
[WhiteElo "2450"]
[BlackElo "2414"]
[Annotator "ChessBase"]
[PlyCount "98"]
[EventDate "2019.05.26"]
[EventType "tourn"]
[EventCountry "GER"]
[SourceTitle "playchess.com"]
[Source "ChessBase"]
[SourceQuality "1"]
[TimeControl "40/5400+30:1800+30"]

1. c4 Nf6 2. Nc3 e5 3. Nf3 d6 4. g3 Be7 5. Bg2 O-O 6. d4 Nbd7 7. O-O c6 8. e4 a6 9. h3 Qc7 10. Qe2 b5 11. Rd1 Re8 12. a3 exd4 13. Nxd4 Ne5 14. cxb5 axb5 15. Be3 Bb7 16. Rac1 Qb8 17. Nf5 Bf8 18. f4 Ned7 19. Qd2 Re6 20. Nd4 Re8 21. Nf5 Re6 22. g4 c5 23. Ng3 Nb6 24. Nxb5 Nxe4 25. Bxe4 Bxe4 26. f5 Re8 27. Bf4 Bd5 28. Qf2 Ra5 29. Nc3 Ba8 30. f6 g6 31. Re1 Nd7 32. Rxe8 Qxe8 33. Re1 Qc8 34. g5 Ne5 35. Bxe5 dxe5 36. Rxe5 Qxh3 37. Nce4 h5 38. Qf1 Qg4 39. Qe2 Qd7 40. Qd2 Qc7 41. Re8 Ra4 42. Qd6 Qxd6 43. Nxd6 Bc6 44. Rc8 Bd7 45. Rd8 Rg4 46. Kh2 Rh4+ 47. Kg1 Rd4 48. Rxd7 Bxd6 49. Kg2 Bxg3 0-1

[Event "90th GER-ch 2019"]
[Site "Magdeburg"]
[Date "2019.06.01"]
[Round "9.5"]
[White "Paul, Johannes"]
[Black "Lubbe, Nikolas"]
[Result "0-1"]
[ECO "D35"]
[WhiteElo "2364"]
[BlackElo "2431"]
[Annotator "ChessBase"]
[PlyCount "118"]
[EventDate "2019.05.26"]
[EventType "tourn"]
[EventCountry "GER"]
[SourceTitle "playchess.com"]
[Source "ChessBase"]
[SourceQuality "1"]
[TimeControl "40/5400+30:1800+30"]

1. d4 Nf6 2. c4 e6 3. Nc3 d5 4. cxd5 exd5 5. Bg5 c6 6. e3 Be7 7. Bd3 Nbd7 8. Nge2 O-O 9. Qc2 Re8 10. O-O Nf8 11. f3 g6 12. Rad1 Ne6 13. Bh4 a6 14. Kh1 b5 15. Bf2 Bb7 16. e4 Rc8 17. e5 Nh5 18. Qd2 c5 19. dxc5 Bxc5 20. Bxc5 Nxc5 21. f4 d4 22. Nb1 Qd5 23. Rf3 Qxa2 24. Rh3 Qd5 25. Rg1 Red8 26. Rxh5 Nxd3 27. Qxd3 gxh5 28. Nd2 Kh8 29. Ng3 Rc1 30. Nf3 Rxg1+ 31. Kxg1 Qc4 32. Qf5 Qe6 33. Qg5 Rg8 34. Qxh5 Bxf3 35. Qxf3 Rd8 36. Qd3 Qg4 37. Ne2 Qg6 38. f5 Qg5 39. Kf2 Rd5 40. Kf3 Qe7 41. Nf4 Rxe5 42. Qxd4 Qf6 43. Qb4 Qc6+ 44. Kg4 Qc8 45. Kh4 Qd8+ 46. Kg4 h6 47. h4 Qd7 48. Kf3 Kg8 49. g3 Qd1+ 50. Kg2 Qc2+ 51. Kf3 Qd1+ 52. Kg2 Re1 53. Qc5 Qd2+ 54. Kf3 Rf1+ 55. Ke4 Qe1+ 56. Kd5 Qxg3 57. Qc8+ Kh7 58. Ng6 Rd1+ 59. Ke4 Qd3+ {[%emt 0:00:15] Kd4} 0-1